 Dungeon Crawl Stone Soup version 0.19.0-17-g07987d3 (webtiles) character file.

14023 sugabear the Cruncher (level 12, 0/65 HPs)
             Began as a Vine Stalker Gladiator on Nov 10, 2016.
             Was an Elder of Trog.
             Succumbed to a minotaur's poison
             ... in a labyrinth.
             The game lasted 00:16:15 (9812 turns).

sugabear the Cruncher (Vine Stalker Gladiator)      Turns: 9812, Time: 00:16:16

Health: 0/65       AC: 15    Str: 20    XL:     12   Next: 12%
Magic:  0/13       EV: 15    Int: 13    God:    Trog [****..]
Gold:   787        SH:  0    Dex: 18    Spells: 0 memorised, 11 levels left

rFire  . . .     SeeInvis +     J - +1 lajatang (elec)
rCold  . . .     Gourm    .     k - +0 ring mail
rNeg   . . .     Faith    .     (shield currently unavailable)
rPois  .         Spirit   +     c - +0 helmet
rElec  .         Reflect  .     j - +0 cloak
rCorr  .         Harm     .     l - +1 pair of gloves
MR     +++..     Rnd*Rage +     I - +0 pair of boots
Stlth  ++........               o - amulet of magic regeneration
                                F - +3 ring of protection
                                Q - ring of see invisible

@: brilliant, lethally poisoned (0 -> -7), regenerating
A: fangs 3, berserk 1, regeneration 2, magic shield, antimagic bite, no device
heal 3, rot immunity
a: Berserk, Trog's Hand, Brothers in Arms, Burn Spellbooks, Renounce Religion


You were in a labyrinth.
You worshipped Trog.
Trog was greatly pleased with you.
You were not hungry.

You visited 3 branches of the dungeon, and saw 14 of its levels.
You also visited: Labyrinth and Sewer.

You collected 787 gold pieces.

Inventory:

Hand Weapons
 s - a +5 quarterstaff of chaos
 t - a +2 flail of crushing
 J - a +1 lajatang of electrocution (weapon)
Missiles
 d - 2 throwing nets (quivered)
Armour
 c - a +0 helmet (worn)
 j - a +0 cloak (worn)
 k - a +0 ring mail (worn)
 l - a +1 pair of gloves (worn)
 p - a +2 buckler
 I - a +0 pair of boots (worn)
Jewellery
 o - an amulet of magic regeneration (around neck)
 w - an uncursed ring of protection from magic
 F - a +3 ring of protection (right hand)
 P - an uncursed ring of ice
 Q - a ring of see invisible (left hand)
Wands
 b - a wand of confusion (6/48)
 e - a wand of confusion (23/48)
 g - a wand of digging (21/24)
 h - a wand of polymorph (13/24)
 C - a wand of random effects (24/48)
 K - a wand of paralysis (10/24)
Scrolls
 m - 12 scrolls of identify
 x - 3 scrolls of remove curse
 y - a scroll of fog
 z - 3 scrolls of teleportation
 M - 2 scrolls of enchant armour
 N - a scroll of recharging
 S - a scroll of fear
Potions
 a - a potion of berserk rage {unknown}
 i - a potion of might {unknown}
 n - 3 potions of agility {unknown}
 q - 2 potions of resistance {unknown}
 u - a potion of ambrosia {unknown}
 v - 3 potions of flight {unknown}
 A - 2 potions of heal wounds {unknown}
 B - a potion of brilliance
 D - 5 potions of curing {unknown}
 G - 3 potions of magic {unknown}
 H - a potion of cancellation {unknown}
 L - a potion of experience {unknown}
Comestibles
 f - 11 bread rations
 r - 7 meat rations
 E - 2 royal jellies
 O - 8 slices of pizza
 R - 4 chunks of flesh


   Skills:
 + Level 8.3 Fighting
 + Level 12.6 Staves
 + Level 1.9 Throwing
 + Level 5.8 Armour
 + Level 5.9 Dodging
 + Level 4.4 Stealth
 + Level 0.3 Evocations


You had 11 spell levels left.
You didn't know any spells.

Dungeon Overview and Level Annotations

Branches:
Dungeon (12/15)            Temple (1/1) D:4            Lair (1/6) D:11
    Orc: D:9-12

Altars:
Ashenzari
Cheibriados
Dithmenos
Elyvilon
Fedhas
Gozag
Hepliaklqana
Kikubaaqudgha
Makhleb
Nemelex Xobeh
Okawaru
Qazlal
Ru
Sif Muna
Trog
Uskayaw
Vehumet
Xom
Yredelemnul
Zin
The Shining One


Innate Abilities, Weirdness & Mutations

You have razor-sharp teeth.
You heal very quickly.
When hurt, damage is shared between your health and your magic reserves.
Your bite disrupts and absorbs the magic of your enemies.
Potions and wands cannot restore your health.
You are immune to rotting.
You tend to lose your temper in combat.


Message History

Aim: a minotaur, wielding a glaive of venom and wearing a scale mail (chance to defeat MR: 15%)
The minotaur resists with almost no effort.
Evoking this partially-identified wand wasted a few charges.
You feel very sick.
The minotaur hits you with a glaive of venom!
The minotaur gores you but does no damage.
Unknown command.
Throwing (i - inventory):
d - 3 throwing nets (quivered)
Press: ? - help, Shift-Dir - straight line, f/p - minotaur
Aim: a minotaur, wielding a glaive of venom and wearing a scale mail You throw a throwing net.
The throwing net barely misses the minotaur.
You feel sick.
The minotaur hits you with a glaive of venom!!
* * * LOW HITPOINT WARNING * * *
You are more poisoned.
The minotaur gores you but does no damage.
It was a potion of brilliance.
You feel clever all of a sudden.
You die...

# . . # . .#
...... . #
###### ## #
##.#. .....#
.# .# #####.#
## # #.#(.
#.# ... .
.#.# #.#
##.###..#.#H#
#.# .# #@# #.
. #.#.###.#
..#.#.....# #
# #######
#.... ... ..
#.###. #####
. .# ###. #
.#


You could see a minotaur.

Vanquished Creatures
  A hydra (Lair:1)
  The ghost of Mitch the Cleaver, a novice DDFi of Makhleb (D:8)
  2 hill giants
  An ugly thing (D:9)
  Psyche (D:8)
  Joseph (D:7)
  A komodo dragon (Lair:1)
  An efreet (D:12)
  A troll (D:9)
  A queen bee (Lair:1)
  A hornet (D:11)
  3 hippogriffs
  A spriggan (D:9)
  2 wraiths (D:11)
  A vampire (D:11)
  16 yaks
  A wyvern (D:8)
  2 hungry ghosts
  5 ice beasts
  A black bear (D:8)
  A phantom (D:9)
  An orc warrior (D:10)
  7 centaurs
  12 ogres
  A necrophage (D:7)
  2 crocodiles (D:11)
  2 big kobolds
  11 bullfrogs
  A scorpion (D:6)
  19 killer bees (Lair:1)
  4 wights (D:9)
  2 howler monkeys
  3 crimson imps
  The ghost of axecop the Magician, a weakling DEIE (D:3)
  3 bullfrog zombies
  A centaur zombie (D:8)
  Crazy Yiuf (D:4)
  An orc priest (D:7)
  2 bullfrog skeletons
  A hound (D:4)
  5 orc wizards
  A centaur skeleton (D:9)
  Jessica (D:2)
  3 iguanas
  10 worker ants
  A killer bee zombie (D:6)
  A hound zombie (D:9)
  A hound skeleton (D:7)
  Robin (D:2)
  3 gnolls (D:2)
  A howler monkey skeleton (D:4)
  13 adders
  2 shadow imps
  An ooze (D:4)
  4 worms
  3 dart slugs (D:1)
  10 leopard geckos
  30 orcs
  5 ball pythons
  5 bats
  13 giant cockroaches
  26 goblins
  6 hobgoblins
  17 jackals
  19 kobolds
  4 quokkas
  11 frilled lizards
  A quokka zombie (D:5)
  8 rats
326 creatures vanquished.

Vanquished Creatures (others)
  An orc (D:12)
1 creature vanquished.

Grand Total: 327 creatures vanquished

Notes
Turn   | Place    | Note
-------+----------+-------------------------------------------
     0 | D:1      | sugabear the Vine Stalker Gladiator began the quest for the Orb.
     0 | D:1      | Reached XP level 1. HP: 11/11 MP: 2/2
   123 | D:1      | Reached XP level 2. HP: 14/15 MP: 3/3
   214 | D:1      | Reached skill level 3 in Staves
   247 | D:1      | Reached XP level 3. HP: 9/18 MP: 4/4
  1000 | D:2      | Gained mutation: Your natural rate of healing is unusually fast. [Vine Stalker growth]
  1000 | D:2      | Reached XP level 4. HP: 4/23 MP: 3/5
  1133 | D:2      | Reached skill level 4 in Staves
  1245 | D:2      | Noticed Jessica
  1252 | D:2      | Killed Jessica
  1252 | D:2      | Reached skill level 1 in Armour
  1252 | D:2      | Reached XP level 5. HP: 19/26 MP: 4/6
  1335 | D:2      | Noticed Robin
  1396 | D:2      | Killed Robin
  1810 | D:3      | Noticed axecop's ghost (weakling DEIE)
  1817 | D:3      | Killed axecop's ghost
  2077 | D:3      | Reached XP level 6. HP: 31/32 MP: 7/7
  2550 | D:4      | Found a runed door.
  2637 | D:4      | Reached skill level 5 in Staves
  2720 | D:4      | Found a staircase to the Ecumenical Temple.
  2734 | Temple   | Entered the Ecumenical Temple
  2793 | Temple   | Became a worshipper of Trog the Wrathful
  2983 | D:4      | Reached XP level 7. HP: 35/35 MP: 8/8
  3192 | D:4      | Found a glowing drain.
  3197 | Sewer    | Entered a sewer
  3415 | Sewer    | Reached * piety under Trog
  3502 | Sewer    | Reached skill level 6 in Staves
  3808 | D:4      | Noticed Crazy Yiuf
  3815 | D:4      | Killed Crazy Yiuf
  3845 | D:5      | Entered Level 5 of the Dungeon
  3962 | D:5      | Gained mutation: You have razor-sharp teeth. [Vine Stalker growth]
  3962 | D:5      | Reached XP level 8. HP: 38/40 MP: 9/9
  4225 | D:5      | Reached ** piety under Trog
  4236 | D:5      | Reached skill level 7 in Staves
  4671 | D:6      | Identified a scroll of acquirement
  4753 | D:6      | Found an iron altar of Okawaru.
  5451 | D:7      | Reached skill level 1 in Stealth
  5451 | D:7      | Reached XP level 9. HP: 45/45 MP: 10/10
  5492 | D:7      | Reached skill level 8 in Staves
  5820 | D:7      | Noticed Joseph
  5827 | D:7      | Killed Joseph
  5827 | D:7      | Reached skill level 5 in Fighting
  5905 | D:7      | Reached skill level 9 in Staves
  5948 | D:8      | Noticed Mitch's ghost (novice DDFi)
  6046 | D:8      | Found a sparkling altar of Nemelex Xobeh.
  6129 | D:8      | Noticed Psyche
  6137 | D:8      | Killed Psyche
  6137 | D:8      | Reached XP level 10. HP: 48/51 MP: 11/11
  6242 | D:8      | Killed Mitch's ghost
  6242 | D:8      | Reached skill level 10 in Staves
  6326 | D:8      | Found a deep blue altar of Sif Muna.
  6557 | D:8      | Found a snail-covered altar of Cheibriados.
  6583 | D:8      | Reached *** piety under Trog
  6679 | D:9      | Received a gift from Trog
  6813 | D:9      | Noticed a brown ugly thing
  6827 | D:9      | Killed a brown ugly thing
  6827 | D:9      | Reached skill level 5 in Armour
  6827 | D:9      | Reached skill level 5 in Dodging
  6840 | D:9      | Gained mutation: You tend to lose your temper in combat. [mutagenic meat]
  7413 | D:9      | Reached skill level 11 in Staves
  7413 | D:9      | Reached XP level 11. HP: 52/58 MP: 10/12
  7547 | D:10     | Entered Level 10 of the Dungeon
  7701 | D:10     | Noticed a hill giant
  7707 | D:10     | Killed a hill giant
  7978 | D:10     | Reached **** piety under Trog
  8446 | D:11     | Found a staircase to the Lair.
  8495 | D:11     | Paralysed by a hornet for 2 turns
  8675 | D:11     | Noticed a hill giant
  8681 | D:11     | Killed a hill giant
  8831 | D:11     | Reached skill level 12 in Staves
  9407 | D:12     | Noticed a death knight
  9531 | Lair:1   | Entered Level 1 of the Lair of Beasts
  9567 | Lair:1   | Noticed a four-headed hydra
  9574 | Lair:1   | Killed a five-headed hydra
  9576 | Lair:1   | Gained mutation: You heal very quickly. [Vine Stalker growth]
  9576 | Lair:1   | Reached XP level 12. HP: 64/64 MP: 13/13
  9648 | Lair:1   | Found a labyrinth entrance.
  9663 | Lab      | Entered a labyrinth
  9805 | Lab      | Noticed a minotaur
  9811 | Lab      | HP: 1/65 [minotaur/glaive of venom (24)]
  9812 | Lab      | Succumbed to a minotaur's poison

Skill      XL: |  1  2  3  4  5  6  7  8  9 10 11 |
---------------+----------------------------------+-----
Staves         | 3 4 5 6 7 9 11 12 | 12.6
Fighting       | 2 3 4 5 6 8 |  8.3
Dodging        | 3 4 5 |  5.9
Armour         | 1 2 3 4 5 |  5.8
Stealth        | 1 2 4 |  4.4
Throwing       | |  1.9
Evocations     | |  0.3

Action                   |  1- 3 |  4- 6 |  7- 9 | 10-12 || total
-------------------------+-------+-------+-------+-------++-------
Melee: Quarterstaff      |    93 |   209 |   140 |    32 ||   474
       Bite              |    22 |    55 |    76 |   124 ||   277
       Lajatang          |       |       |   109 |   376 ||   485
Throw: Throwing net      |       |       |       |     1 ||     1
Invok: Burn Spellbooks   |       |       |     3 |     1 ||     4
       Trog's Hand       |       |       |     1 |     5 ||     6
Evoke: Wand              |       |       |       |     6 ||     6
  Use: Scroll            |       |     2 |    15 |     3 ||    20
       Potion            |       |       |       |     1 ||     1
 Stab: Sleeping          |       |       |       |     3 ||     3
       Confused          |       |       |       |     1 ||     1
       Distracted        |       |       |       |     1 ||     1
  Eat: Chunk             |       |     7 |     9 |    14 ||    30
       Royal jelly       |       |       |     1 |     1 ||     2
       Fruit             |       |       |     1 |       ||     1
       Pizza             |       |       |     1 |       ||     1
       Beef jerky        |       |       |     1 |       ||     1
Armor: Leather armour    |    17 |       |       |       ||    17
       Ring mail         |    24 |   106 |   120 |   148 ||   398
Dodge: Dodged            |    90 |   184 |   197 |   263 ||   734
